 Dungeon Crawl Stone Soup version 0.17.1-1-g73c8601 (console) character file.

167 Kloppie the Skirmisher (level 5, -2/43 HPs)
             Began as a Human Fighter on Dec 21, 2015.
             Slain by an orc
             ... wielding a cursed -1 trident
              (3 damage)
             ... on level 3 of the Dungeon.
             The game lasted 00:03:55 (2018 turns).

Kloppie the Skirmisher (Human Fighter)              Turns: 2018, Time: 00:03:55

Health: -2/43      AC:  7    Str: 16    XL:     5   Next: 76%
Magic:  5/5        EV:  6    Int:  9    God:
Gold:   130        SH:  9    Dex: 13    Spells: 0 memorised, 4 levels left

rFire  . . .     SeeInvis .     a - +0 long sword
rCold  . . .     Clarity  .     b - +0 scale mail
rNeg   . . .     SustAt   .     c - +0 shield
rPois  .         Gourm    .     r - +0 helmet
rElec  .         Spirit   .     (no cloak)
rCorr  .         Warding  .     (no gloves)
rMut   .         Stasis   .     (no boots)
MR     .....                    (no amulet)
Stlth  ..........               (no ring)
                                (no ring)

@: not resistant to hostile enchantments, extremely unstealthy
A: no striking features
a: no special abilities


You were on level 3 of the Dungeon.
You were not hungry.

You visited 1 branch of the dungeon, and saw 3 of its levels.

You collected 130 gold pieces.

Inventory:

Hand Weapons
 a - a +0 long sword (weapon)
Armour
 b - a +0 scale mail (worn)
 c - a +0 shield (worn)
 r - a +0 helmet (worn)
Scrolls
 d - a scroll of fog {unknown}
 f - a scroll of immolation {unknown}
 g - 4 scrolls of remove curse {unknown}
 i - a scroll of teleportation {unknown}
 k - a scroll of recharging {unknown}
 p - 2 scrolls of identify {unknown}
Potions
 j - a potion of magic
 m - a potion of curing {unknown}
 o - a potion of cancellation {unknown}
 q - a potion of heal wounds {unknown}
Comestibles
 e - 2 bread rations
 l - a slice of pizza
 n - 2 chunks of flesh


   Skills:
 + Level 4.6 Fighting
 + Level 4.1 Long Blades
 - Level 3.0 Armour
 - Level 3.0 Shields


You had 4 spell levels left.
You didn't know any spells.

Dungeon Overview and Level Annotations

Branches:
Dungeon (3/15)

Altars:

Annotations:
D:3 grizfap's ghost, amateur DrBe


Message History

You block the orc's attack. x2
Your shield prevents you from hitting the orc.
You block the orc's attack. The orc hits you but does no damage.
The orc hits you but does no damage.
You closely miss the orc. The orc hits you with a morningstar.
* * * LOW HITPOINT WARNING * * *
The orc hits you but does no damage.
Your shield prevents you from hitting the orc.
The orc barely misses you. You block the orc's attack.
Grizfap's ghost (amateur Draconian Berserker) comes into view.
Your shield prevents you from hitting the orc.
You block the orc's attack. The orc hits you but does no damage.
You hit the orc.
The orc is severely wounded.
You feel less woody.
Your +0 helmet unmelds from your body.
Your +0 scale mail unmelds from your body.
The orc hits you but does no damage.
The orc hits you from afar with an enchanted trident.
You die... oo o

##. %.. #.# #.#
#.#
#.###.#######..
#.....)@o...W..
#..##o########.
#............#
#...#.######.#
#...#.# #.# #.#
#.# #<# #. ..#
#.# # ..# ###
..>.


You could see grizfap's ghost and 2 orcs.

Vanquished Creatures
  An orc priest (D:3)
  4 gnolls (D:2)
  An adder (D:2)
  An ooze (D:2)
  2 worms (D:2)
  A giant gecko (D:2)
  7 orcs (D:3)
  5 giant cockroaches
  7 hobgoblins
  11 jackals
  2 quokkas
  A bat (D:1)
  11 giant newts
  3 goblins
  8 kobolds
  10 rats
75 creatures vanquished.

Notes
Turn   | Place    | Note
--------------------------------------------------------------
     0 | D:1      | Kloppie the Human Fighter began the quest for the Orb.
     0 | D:1      | Reached XP level 1. HP: 18/18 MP: 1/1
   212 | D:1      | Reached XP level 2. HP: 24/24 MP: 2/2
   929 | D:2      | Reached XP level 3. HP: 29/29 MP: 3/3
  1072 | D:2      | Found a faded altar to an unknown god.
  1342 | D:2      | Reached XP level 4. HP: 35/37 MP: 4/4
  1344 | D:2      | Reached skill level 4 in Fighting
  1542 | D:2      | Reached XP level 5. HP: 30/42 MP: 5/5
  2006 | D:3      | HP: 3/64 [orc/enchanted trident (1)]
  2015 | D:3      | HP: 1/64 [orc/morningstar (4)]
  2017 | D:3      | Noticed grizfap's ghost (amateur DrBe)
  2018 | D:3      | Slain by an orc

Action                   |  1- 3 |  4- 6 || total
-------------------------+-------+-------++-------
Melee: Long sword        |   145 |   114 ||   259
  Use: Potion            |     1 |     2 ||     3
  Eat: Chunk             |     2 |     2 ||     4
